 Dungeon Crawl Stone Soup version 0.28-a0-114-g2bf3c13a2f (webtiles) character file.

Game seed: 17024911591447334977

172 jasper the Stinger (level 5, 0/35 HPs)
             Began as a Demonspawn Venom Mage on Aug 12, 2021.
             Slain by a water moccasin (5 damage)
             ... on level 6 of the Dungeon.
             The game lasted 00:06:43 (3560 turns).

jasper the Stinger (Demonspawn Venom Mage)          Turns: 3560, Time: 00:06:44

Health: 0/35       AC:  3    Str:  8    XL:     5   Next: 27%
Magic:  3/8        EV: 12    Int: 17    God:
Gold:   145        SH:  0    Dex: 14    Spells: 0/8 levels left

rFire   . . .      SeeInvis .   q - +0 short sword
rCold   . . .      Faith    .   (no shield)
rNeg    . . .      Spirit   .   a - +0 robe
rPois   .          Reflect  .   (helmet restricted)
rElec   .          Harm     .   (no cloak)
rCorr   .          Rampage  .   k - +0 pair of gloves
Will    .....                   (no boots)
Stlth   ++........              (no amulet)
HPRegen 0.11/turn               l - ring of flight
MPRegen 0.11/turn               (no ring)

@: lethally poisoned (0 -> -9), flying
A: horns 2, powered by death 1
a: no special abilities


You were on level 6 of the Dungeon.
You visited 1 branch of the dungeon, and saw 6 of its levels.

You collected 145 gold pieces.

Inventory:

Hand Weapons
 q - a +0 short sword (weapon)
Missiles
 b - 12 bolts
 c - 36 stones
 f - 27 poisoned darts
Armour
 a - a +0 robe (worn)
 k - a +0 pair of gloves (worn)
Jewellery
 l - a ring of flight (left hand)
Wands
 o - a wand of flame (9)
Scrolls
 d - a scroll of summoning
 g - 2 scrolls of teleportation
Potions
 e - 2 potions of attraction
 j - a potion of ambrosia
 m - a potion of flight {unknown}
 n - a potion of magic
 p - a potion of berserk rage {unknown}
 r - a potion of brilliance {unknown}
 s - a potion of degeneration {unknown}
 t - a potion of lignification {unknown}


   Skills:
 - Level 1.7 Dodging
 - Level 1.7 Stealth
 - Level 2.0 Spellcasting
 - Level 0.8 Transmutations
 + Level 6.0 Poison Magic


You couldn't memorise any spells.
You knew the following spells:

 Your Spells              Type           Power      Damage    Failure   Level
a - Sting                 Tmut/Pois      52%        1d5       4%          1
b - Olgreb's Toxic Radia  Pois           22%        N/A       16%         4
c - Mephitic Cloud        Conj/Pois/Air  8%         N/A       26%         3

Your spell library contained the following spells:

 Spells                   Type           Power      Damage    Failure   Level
 Poisonous Vapours        Pois/Air       24%        N/A       9%          2
 Animate Skeleton         Necr           2%         N/A       19%         1
 Pain                     Necr           4%         1d4       19%         1
 Summon Small Mammal      Summ           4%         N/A       19%         1
 Call Canine Familiar     Summ           1%         N/A       50%         3
 Summon Guardian Golem    Hex/Summ       1%         N/A       50%         3
 Vampiric Draining        Necr           0%         2d6       50%         3


Dungeon Overview and Level Annotations

Branches:
Dungeon (6/15)
 Temple: D:4-7

Altars:
Trog

Shops:
D:3 [   D:6 :


Innate Abilities, Weirdness & Mutations

You have a pair of horns on your head.
You regenerate a little health from kills.


Message History

Aiming: Sting (safe; 4% risk of failure)
Press: ? - help, Q - select action, (/) - cycle Shift-Dir - straight line, f/p - water moccasin
Aim: a water moccasin (moderately wounded, very poisoned, 53% to hit)
The sting hits the water moccasin.
The water moccasin partially resists.
The water moccasin looks as sick as possible!
The water moccasin is moderately wounded.
You feel very sick. The water moccasin bites you. x2
You take 13 damage, and have 12/35 hp.
MASSIVE DAMAGE!!
You now have 3/8 mp.
Aiming: Sting (safe; 4% risk of failure)
Press: ? - help, Q - select action, (/) - cycle Shift-Dir - straight line, f/p - water moccasin
Aim: a water moccasin (moderately wounded, extremely poisoned, 53% to hit)
The sting misses the water moccasin.
* * * LOW HITPOINT WARNING * * *
You feel very sick. The water moccasin misses you.
You take 3 damage, and have 9/35 hp.
You now have 2/8 mp.
You feel better. The water moccasin barely misses you.
The water moccasin bites you but does no damage.
You regained 6 hp, and now have 15/35 hp.
You feel much better. The water moccasin bites you.
You regained 15 hp, and now have 30/35 hp.
You barely miss the water moccasin.
The water moccasin is heavily wounded.
The water moccasin bites you! The water moccasin bites you.
You are lethally poisoned!
The water moccasin poisons you!
You take 13 damage, and have 17/35 hp.
MASSIVE DAMAGE!!
You feel very sick.
You take 4 damage, and have 13/35 hp.
* * * LOW HITPOINT WARNING * * *
You feel very sick.
You take 4 damage, and have 9/35 hp.
You hit the water moccasin.
The water moccasin is severely wounded.
* * * LOW HITPOINT WARNING * * *
You feel sick. The water moccasin bites you.
* * * LOW HITPOINT WARNING * * *
The water moccasin bites you.
You die...

#.. #.. #..
#.# #.#####
#####S....#
#@S<#.∩.#..#
#..........#
#.....#....#
#............
#..........##
######.#####
.# .# .#


You could see a water moccasin (very poisoned).

Vanquished Creatures
  A howler monkey (D:2)
  A bullfrog zombie (D:6)
  3 adders
  2 worms
  2 dart slugs
  An orc (D:3)
  6 bats
  8 endoplasms
  3 giant cockroaches
  4 goblins
  6 hobgoblins
  4 jackals (D:2)
  2 quokkas
  6 ball pythons
  3 frilled lizards (D:2)
  3 kobolds
  2 rats
57 creatures vanquished.

Notes
Turn   | Place    | Note
-------+----------+-------------------------------------------
     0 | D:1      | jasper the Demonspawn Venom Mage began the quest for the
                  | Orb.
     0 | D:1      | Reached XP level 1. HP: 13/13 MP: 3/3
   366 | D:1      | Gained mutation: You regenerate a little health from kills.
                  | [demonic ancestry]
   366 | D:1      | Reached XP level 2. HP: 19/19 MP: 1/5
   852 | D:1      | Found a faded altar of an unknown god.
   931 | D:2      | Found a bloodstained altar of Trog.
   948 | D:1      | Reached skill level 4 in Poison Magic
  1109 | D:2      | Gained mutation: You have a pair of small horns on your
                  | head. [demonic ancestry]
  1109 | D:2      | Reached XP level 3. HP: 23/24 MP: 2/6
  2332 | D:2      | Reached XP level 4. HP: 30/30 MP: 2/7
  2337 | D:2      | Learned a level 4 spell: Olgreb's Toxic Radiance
  2489 | D:2      | Reached skill level 5 in Poison Magic
  2898 | D:3      | Found Aqeab's Antique Armour Boutique.
  3171 | D:3      | Gained mutation: You have a pair of horns on your head.
                  | [demonic ancestry]
  3171 | D:3      | Reached XP level 5. HP: 35/35 MP: 5/8
  3175 | D:3      | Learned a level 3 spell: Mephitic Cloud
  3351 | D:4      | You are sucked into a shaft and drop 2 floors!
  3372 | D:6      | Reached skill level 6 in Poison Magic
  3517 | D:5      | Entered Level 5 of the Dungeon
  3545 | D:6      | Found Pahotah's Book Boutique.
  3545 | D:6      | Noticed a water moccasin
  3560 | D:6      | Slain by a water moccasin

Illustrated notes

Levels and vault maps discovered:
D:1:      ncdulo_halloftheorcs, layout_rooms, chequers_ecumenical_altar_grove,
          grunt_decor_fettered
D:2:      layout_basic, basic_altar
D:3:      layout_basic, serial_shops, shop, nrook_uturn
D:4:      gammafunk_wand_slinger, layout_basic, nicolae_elyvilon_peaceful_grove
D:5:      layout_cave_pools
D:6:      layout_rooms, serial_shops, nicolae_shop_crystal, nicolae_shop_stone,
          nicolae_shop_behind_doors, nicolae_shop_waterfront,
          minmay_starry_boxes

Skill      XL: |  1  2  3  4  5 |
---------------+----------------+-----
Poison Magic   | 4 5 6 |  6.0
Dodging        | |  1.7
Stealth        | |  1.7
Spellcasting   | |  2.0
Transmutations | |  0.8

Action                   |  1- 3 |  4- 6 || total
-------------------------+-------+-------++-------
Melee: Unarmed           |    23 |       ||    23
       Headbutt          |     2 |     2 ||     4
       Short sword       |       |    16 ||    16
Throw: Stone             |     1 |       ||     1
 Cast: Sting             |    89 |    42 ||   131
  Use: Scroll            |     8 |     3 ||    11
       Potion            |       |     2 ||     2
Armor: Robe              |    13 |    11 ||    24
Dodge: Dodged            |    37 |    19 ||    56

Table legend: (Time is in decaauts)
 A = Elapsed time spent in this place.
 B = Non-inter-level travel time spent in this place.
 C = Inter-level travel time spent in this place.
 D = Time resting spent in this place.
 E = Time spent auto-exploring this place.
 F = Levels seen in this place.
 G = Mean time per level.
                   A        B        C        D        E       F      G
               +--------+--------+--------+--------+--------+-----+--------+
         Total |   3563 |   3509 |     54 |    502 |   2420 |   6 |  593.8 |
       Dungeon |   3563 |   3509 |     54 |    502 |   2420 |   6 |  593.8 |
               +--------+--------+--------+--------+--------+-----+--------+

Top non-repeatable levels by time:
     D:2: 1528 daAuts
     D:1: 1035 daAuts
     D:3: 780 daAuts
     D:6: 204 daAuts
     D:5: 7 daAuts
     D:4: 6 daAuts
